 Dungeon Crawl Stone Soup version 0.21-a0-641-geef9d7f (webtiles) character file.

121 Firecrotchwizard the Ruffian (level 4, 0/44 HPs)
             Began as a Troll Fighter on Dec 31, 2017.
             Slain by Sigmund
             ... wielding a +0 scythe
              (10 damage)
             ... on level 3 of the Dungeon.
             The game lasted 00:03:42 (1648 turns).

Firecrotchwizard the Ruffian (Troll Fighter)        Turns: 1648, Time: 00:03:42

Health: 0/44       AC:  5    Str: 24    XL:     4   Next: 76%
Magic:  3/3        EV:  8    Int:  4    God:
Gold:   41         SH:  9    Dex: 10    Spells: 3/3 levels left

rFire    . . .     SeeInvis .     - Unarmed
rCold    . . .     Gourm    +   b - +0 shield
rNeg     . . .     Faith    +   a - +0 robe
rPois    .         Spirit   .   (helmet restricted)
rElec    .         Reflect  .   (no cloak)
rCorr    .         Harm     .   (gloves unavailable)
MR       .....                  (boots unavailable)
Stlth    +.........             h - amulet of faith {Faith, !P}
HPRegen  0.54/turn              (no ring)
MPRegen  0.08/turn              (no ring)

@: no status effects
A: large, unfitting armour, claws 3, fast metabolism 3, gourmand, regeneration
1, shaggy fur 1, tough skin 2
a: no special abilities


You were on level 3 of the Dungeon.
You were very full.

You visited 1 branch of the dungeon, and saw 3 of its levels.

You collected 41 gold pieces.

Inventory:

Armour
 a - a +0 robe (worn)
 b - a +0 shield (worn)
Jewellery
 h - an amulet of faith (around neck) {Faith, !P}
   (You found it on level 1 of the Dungeon)
Wands
 m - a wand of flame (26)
   (You found it on level 2 of the Dungeon)
Scrolls
 g - 2 scrolls of blinking {!r}
 j - a scroll of teleportation
Potions
 c - a potion of might
 e - 2 potions of heal wounds {unknown}
 f - 2 potions of brilliance {unknown}
 i - 3 potions of lignification {unknown}
 n - a potion of magic {unknown}
 o - a potion of curing {unknown}
 p - a potion of invisibility {unknown}
Books
 q - a book of Cantrips
   (You found it on level 2 of the Dungeon)
Comestibles
 d - 4 rations {@e1}


   Skills:
 - Level 2.4 Fighting
 - Level 2.4 Dodging
 + Level 3.2 Shields
 * Level 4.3 Unarmed Combat


You had 3 spell levels left.
You didn't know any spells.

Dungeon Overview and Level Annotations

Branches:
Dungeon (3/15)

Altars:
Hepliaklqana
Kikubaaqudgha
Nemelex Xobeh
Uskayaw
Vehumet

Annotations:
D:3 Sigmund


Innate Abilities, Weirdness & Mutations

You are too large for most types of armour.
You have claws for hands.
Your metabolism is lightning-fast.
You like to eat raw meat.
Your natural rate of healing is unusually fast.
You are covered in fur. (AC +1)
You have very tough skin. (AC +2)


Message History

Really put on
h - an uncursed amulet of faith {Faith, !P}?
You feel a strange surge of divine interest.
h - an amulet of faith (around neck) {Faith, !P} You may need something to eat soon, looking for food.
Can't find anything matching that.
Sorry, you're not good enough to have a special ability.
A rat comes into view.
A rat is nearby!
The rat closely misses you.
You closely miss the rat. You block the rat's attack.
You closely miss the rat. You block the rat's attack.
You claw the rat!
You kill the rat!
No target in view!
You butcher the rat corpse.
k - a chunk of flesh {@w0} You see here a rat skeleton. x2
Eating a chunk of flesh {@w0}.
You eat the chunk of flesh {@w0}.
This raw flesh tastes great.
You see here a rat skeleton.
You enter a teleport trap!
The teleport trap disappears.
Your surroundings suddenly seem different.
Jessica the Apprentice Sorceress comes into view.
She is wielding a club.
The helpless Jessica fails to defend herself.
You mangle Jessica!!
You kill Jessica!
No target in view!
You may need something to eat soon, looking for food.
Can't find anything matching that.
Sorry, you're not good enough to have a special ability.
Things that are here:
a club; a robe; the human corpse of Jessica Autochopping corpse.
You butcher the human corpse of Jessica.
k - 2 chunks of flesh {@w0}
Things that are here:
a club; a robe; the human skeleton of Jessica Autoeating chunks.
Eating one of 2 chunks of flesh {@w0}.
You eat one of the 2 chunks of flesh {@w0}.
This raw flesh tastes great.
Eating a chunk of flesh {@w0}.
You eat the chunk of flesh {@w0}.
This raw flesh tastes great.
Found an escape hatch in the floor.
You now have 41 gold pieces (gained 18).
A bat and Sigmund come into view.
Sigmund shouts!
Sigmund smiles chillingly.
You block the bat's attack. The bat barely misses you.
You block the bat's attack. You block the bat's attack.
The bat hits you but does no damage.
You mangle the bat!!
You kill the bat!
No target in view!
You start waiting.
A quokka comes into view.
Sigmund gestures at you while chanting. The magic dart hits you!
You take 5 damage, and have 39/44 hp.
You scratch Sigmund. Sigmund casts a spell at you.
You are confused.
You bump into the rock wall.
Sigmund hits you with a scythe.
You take 1 damage, and have 38/44 hp.
You bump into the rock wall.
Sigmund hits you but does no damage.
You bump into the rock wall.
Sigmund barely misses you.
You bump into the rock wall.
The quokka bites you but does no damage.
You feel less confused.
You claw the quokka!
You kill the quokka!
Sigmund casts a spell.
Sigmund flickers and vanishes!
Deactivating autopickup; reactivate with Ctrl-A.
You see here a quokka corpse.
You miss something. Something hits you but does no damage.
You miss something. Something hits you but does no damage.
You scratch something. You closely miss something. Something hits you.
You take 3 damage, and have 40/44 hp.
You miss something. Something hits you!
You take 12 damage, and have 28/44 hp.
MASSIVE DAMAGE!!
You scratch something but do no damage. You miss something. Something hits you!
You take 8 damage, and have 21/44 hp.
You miss something. Something hits you.
You take 5 damage, and have 16/44 hp.
You claw something!
Your shield prevents you from hitting something.
You hear some strange, mumbled words.
A puff of flame appears from out of thin air!
The puff of flame misses you.
You closely miss something. Something hits you!
* * * LOW HITPOINT WARNING * * *
You take 8 damage, and have 9/44 hp.
You closely miss something. Something hits you!
You die...

### ... ..# ...
#.# #@. #.# #..
#.# #.. #.# #..
#.# # #..###@# .#
####...##{# ..#
...........###..#
.####...#.......#
#............##
#.#............
#.#####.####.#
#.# #.# # #.#
##.##


There were no monsters in sight!

Vanquished Creatures
  A hound (D:2)
  Jessica (D:3)
  2 adders (D:2)
  An ooze (D:1)
  2 dart slugs
  7 bats
  A giant cockroach (D:2)
  2 hobgoblins
  2 quokkas
  3 frilled lizards
  5 goblins
  10 kobolds
  9 rats
46 creatures vanquished.

Notes
Turn   | Place    | Note
-------+----------+-------------------------------------------
     0 | D:1      | Firecrotchwizard the Troll Fighter began the quest for the Orb.
     0 | D:1      | Reached XP level 1. HP: 22/22 MP: 0/0
   210 | D:1      | Reached XP level 2. HP: 29/29 MP: 1/1
   470 | D:1      | Reached skill level 3 in Unarmed Combat
   726 | D:2      | Reached XP level 3. HP: 36/36 MP: 2/2
   826 | D:2      | Found a hazy altar of Hepliaklqana.
   826 | D:2      | Found an ancient bone altar of Kikubaaqudgha.
   991 | D:2      | Found a radiant altar of Vehumet.
  1015 | D:2      | Noticed a hand axe
  1017 | D:2      | Noticed a hand axe
  1022 | D:2      | Found a hide-covered altar of Uskayaw.
  1236 | D:2      | Reached skill level 3 in Shields
  1236 | D:2      | Reached XP level 4. HP: 33/44 MP: 3/3
  1269 | D:2      | Found a sparkling altar of Nemelex Xobeh.
  1317 | D:2      | Reached skill level 4 in Unarmed Combat
  1590 | D:3      | Noticed Jessica
  1593 | D:3      | Killed Jessica
  1619 | D:3      | Noticed Sigmund
  1647 | D:3      | HP: 9/44 [something (8)]
  1648 | D:3      | Slain by Sigmund

Vault maps used:
D:1:      dpeg_arrival_snail, minivault_19, minivault_25
D:2:      vehumet_crystals, dancing_weapons_uskayaw, grunt_temple_overflow_open,
          serial_bayou_ford_a, nemelex_diamond_rough_becter
D:3:      gammafunk_temple_overflow_forgotten, uniq_sigmund, uniq_jessica,
          uniq_crazy_yiuf_cottage

Skill      XL: |  1  2  3  4 |
---------------+-------------+-----
Unarmed Combat | 3 4 |  4.3
Shields        | 3 |  3.2
Fighting       | |  2.4
Dodging        | |  2.4

Action                   |  1- 3 |  4- 6 || total
-------------------------+-------+-------++-------
Melee: Unarmed           |    88 |    37 ||   125
  Use: Scroll            |       |     5 ||     5
 Stab: Sleeping          |       |     1 ||     1
  Eat: Chunk             |    11 |     8 ||    19
Armor: Robe              |    18 |     9 ||    27
Dodge: Dodged            |    20 |    12 ||    32
Block: Shield            |    38 |    13 ||    51

Table legend:
 A = Spawn XP
 B = Non-spawn XP
 C = Spawn XP percentage of total XP
 D = Spawn monster count
 E = Non-spawn monster count
 F = Spawn count percentage of total count
 G = Total turns spent on level
                    A         B        C        D         E        F      G
               +---------+---------+-------+---------+---------+-------+---------
         Total |       0 |     173 |   0.0 |       0 |      46 |   0.0 |  1648
               +---------+---------+-------+---------+---------+-------+---------
           D:1 |       0 |      35 |   0.0 |       0 |      20 |   0.0 |   710
           D:2 |       0 |      89 |   0.0 |       0 |      17 |   0.0 |   752
           D:3 |       0 |      49 |   0.0 |       0 |       9 |   0.0 |   186
               +---------+---------+-------+---------+---------+-------+---------

Vault maps used:
D:1:      dpeg_arrival_snail, minivault_19, minivault_25
D:2:      vehumet_crystals, dancing_weapons_uskayaw, grunt_temple_overflow_open,
          serial_bayou_ford_a, nemelex_diamond_rough_becter
D:3:      gammafunk_temple_overflow_forgotten, uniq_sigmund, uniq_jessica,
          uniq_crazy_yiuf_cottage

Table legend:
 A = Turns spent in this place as a percentage of turns spent in the entire game.
 B = Non-inter-level travel turns spent in this place as a percentage of non-inter-level travel turns spent in the entire game.
 C = Inter-level travel turns spent in this place as a percentage of turns spent in this place.
 D = Turns resting spent in this place as a percentage of non-inter-level travel turns spent in this place.
 E = Turns spent auto-exploring this place as a percentage of non-inter-level travel turns spent in this place.
 F = Non-inter-level travel turns spent in this place divided by the number of levels of this place that you've seen.
                   A       B       C       D       E      F
               +-------+-------+-------+-------+-------+----------------------
         Total | 100.0 | 100.0 |   1.6 |   2.0 |  80.1 | 540.7
       Dungeon | 100.0 | 100.0 |   1.6 |   2.0 |  80.1 | 540.7
               +-------+-------+-------+-------+-------+----------------------

Table legend:
 A = Kills in this place as a percentage of kills in entire the game.
 B = Kills by you in this place as a percentage of kills by you in the entire game.
 C = Kills by friends in this place as a percentage of kills by friends in the entire game.
 D = Other kills in this place as a percentage of other kills in the entire game.
 E = Experience gained in this place as a percentage of experience gained in the entire game.
 F = Experience gained in this place divided by the number of levels of this place that you have seen.
                   A       B       C       D       E      F
               +-------+-------+-------+-------+-------+----------------------
         Total | 100.0 | 100.0 |   N/A |   N/A | 100.0 |  57.7
       Dungeon | 100.0 | 100.0 |   N/A |   N/A | 100.0 |  57.7
               +-------+-------+-------+-------+-------+----------------------
